 Dungeon Crawl Stone Soup version 0.30-a0-458-g86641cc369 (webtiles) character file.

Game seed: 11811419504435816422

102 arthad the Digger (level 4, -9/25 HPs)
             Began as a Gargoyle Earth Elementalist on Dec 15, 2022.
             Shot with an arrow by a centaur (11 damage)
             ... on level 3 of the Dungeon.
             The game lasted 00:06:35 (2058 turns).

arthad the Digger (Gargoyle Earth Elementalist)     Turns: 2058, Time: 00:06:36

Health: -9/25      AC:  7    Str: 12    XL:     4   Next: 77%
Magic:  5/8        EV: 12    Int: 17    God:
Gold:   103        SH:  0    Dex: 10    Spells: 2/8 levels left

rFire   . . .      SeeInvis .    n - +1 dagger (venom)
rCold   . . .      Faith    .    (no shield)
rNeg    + . .      Spirit   .    a - +0 robe
rPois   ∞          Reflect  .    m - +0 helmet
rElec   +          Harm     .    (no cloak)
rCorr   .          Rampage  .    e - +0 pair of gloves
Will    .....                    (no boots)
Stlth   ++........               (no amulet)
HPRegen 0.24/turn                (no ring)
MPRegen 0.11/turn                (no ring)

@: very slightly contaminated, studying Shields
A: sickness immunity, AC +3, negative energy resistance 1, electricity
resistance, torment resistance 1, petrification resistance
a: no special abilities


You were on level 3 of the Dungeon.
You visited 1 branch of the dungeon, and saw 3 of its levels.

You collected 103 gold pieces.

Inventory:

Hand Weapons
 k - a +1 dagger of speed
 l - a +0 spectral club
 n - a +1 dagger of venom (weapon)
Missiles
 h - 4 poisoned darts
Armour
 a - a +0 robe (worn)
 e - a +0 pair of gloves (worn)
 m - a +0 helmet (worn)
Scrolls
 d - 2 scrolls of amnesia {unknown}
 i - a scroll of identify {unknown}
 j - a scroll of fear {unknown}
 o - a scroll of poison {unknown}
 q - a scroll of magic mapping {unknown}
 s - 2 scrolls of blinking {unknown}
 t - a scroll of noise {unknown}
Potions
 b - 2 potions of magic
 c - a potion of ambrosia {unknown}
 f - a potion of heal wounds {unknown}
 g - 2 potions of curing {unknown}
 p - a potion of flight {unknown}
 r - 2 potions of degeneration {unknown}


   Skills:
 + Level 1.1 Fighting
 + Level 1.1 Armour
 + Level 2.0 Dodging
 + Level 2.8 Stealth
 * Level 2.7 Spellcasting
 + Level 1.2 Transmutations
 * Level 4.3 Earth Magic


You had 2 spell levels left.
You knew the following spells:

 Your Spells              Type           Power      Damage    Failure   Level
a - Sandblast             Erth           34%        2d9       3%          1
b - Passwall              Tmut/Erth      10%        N/A       9%          2
c - Stone Arrow           Conj/Erth      18%        3d8       22%         3

Your spell library contained the following spells:

 Spells                   Type           Power      Damage    Failure   Level
 Foxfire                  Conj/Fire      8%         2x1d4     19%         1
 Shock                    Conj/Air       8%         1d3       19%         1
 Slow                     Hex            8%         N/A       19%         1
 Ensorcelled Hibernation  Hex/Ice        4%         N/A       26%         2
 Spider Form              Tmut/Pois      4%         N/A       38%         3
 Confusing Touch          Hex            2%         N/A       47%         3
 Gell's Gravitas          Tloc           2%         N/A       47%         3
 Lesser Beckoning         Tloc           4%         N/A       47%         3
 Swiftness                Air            2%         N/A       47%         3
 Teleport Other           Tloc           2%         N/A       47%         3
 Vampiric Draining        Necr           2%         2d6       47%         3
 Petrify                  Tmut/Erth      12%        N/A       50%         4
 Airstrike                Air            1%         2d(1-17)  87%         4
 Anguish                  Hex/Necr       1%         N/A       87%         4
 Fireball                 Conj/Fire      1%         3d3       99%         5
 Starburst                Conj/Fire      1%         6d3       100%        6


Dungeon Overview and Level Annotations

Branches:
Dungeon (3/15)

Altars:

Shops:
D:3 [


Innate Abilities, Weirdness & Mutations

You are immune to sickness and miasma.
Your stone body is resilient. (AC +3)
You are immune to poison.
You resist negative energy. (rN+)
You are resistant to electric shocks. (rElec)
You are resistant to unholy torment.
You are immune to petrification.


Message History

Unknown command.
You open the door.
There is an open door here.
You pick up a book of Air and begin reading...
You add the spells Shock, Swiftness and Airstrike to your library.
Found a short sword.
A centaur comes into view.
A centaur is nearby!
The centaur wields a +0 shortbow.
The centaur shoots an arrow.
The arrow hits you!
Aiming: Sandblast (safe; 3% risk of failure)
Press: ? - help, Q - select action, (/) - cycle Shift-Dir - straight line, f - centaur
Aim: a centaur, wielding a +0 shortbow (89% to hit)
You miscast Sandblast.
You are very lightly contaminated with residual magic.
Nothing appears to happen.
The centaur shoots an arrow.
The arrow hits you.
The centaur shoots an arrow.
The arrow hits you.
An ogre comes into view. It is wielding a +0 giant club.
Unknown command.
Aiming: Sandblast (safe; 3% risk of failure)
Press: ? - help, Q - select action, (/) - cycle Shift-Dir - straight line, f/p - centaur
Aim: a centaur, wielding a +0 shortbow (89% to hit)
The blast of sand hits the centaur.
The centaur is lightly wounded.
The centaur shoots an arrow.
The arrow misses you.
The centaur shoots an arrow.
The arrow closely misses you.
Unknown command.
Aiming: Sandblast (safe; 3% risk of failure)
Press: ? - help, Q - select action, (/) - cycle Shift-Dir - straight line, f/p - centaur
Aim: a centaur, wielding a +0 shortbow (lightly wounded, 89% to hit)
The blast of sand hits the centaur.
The centaur is moderately wounded.
The centaur shoots an arrow.
The arrow completely misses you.
The centaur shoots an arrow.
The arrow misses you.
Unknown command.
The centaur shoots an arrow.
The arrow hits you!
* * * LOW HITPOINT WARNING * * *
The centaur shoots an arrow.
The arrow hits you!
You die...

#.#.# #.### #.#.#
#.#############
#.#.###.#...#........ #
#.#.#...#...#........
#.#.#...###...#........
#.#....................
#....######...#....!...
####..#######...#....c...
................@..O.....
...........###.#.###..###
.........#.# #.#.# .#
.........#.###.#.#
.........#.....#..
.........#.#######
)........#.....#
.........#.###.#
#########.#


You could see an ogre and a centaur.

Vanquished Creatures
  Robin (D:2)
  3 adders (D:2)
  2 dart slugs (D:2)
  An orc (D:3)
  2 endoplasms
  3 giant cockroaches (D:1)
  14 goblins
  5 hobgoblins
  2 jackals (D:1)
  A quokka (D:2)
  4 ball pythons
  9 bats
  A frilled lizard (D:1)
  4 kobolds
  4 rats
56 creatures vanquished.

Notes
Turn   | Place    | Note
-------+----------+-------------------------------------------
     0 | D:1      | arthad the Gargoyle Earth Elementalist began the quest for
                  | the Orb.
     0 | D:1      | Reached XP level 1. HP: 10/10 MP: 3/3
   358 | D:1      | Reached XP level 2. HP: 4/15 MP: 3/5
   498 | D:1      | Reached skill level 1 in Transmutations
   820 | D:1      | Found a faded altar of an unknown god.
   897 | D:2      | Reached skill level 4 in Earth Magic
   897 | D:2      | Reached XP level 3. HP: 20/20 MP: 3/6
  1049 | D:2      | Noticed Robin
  1122 | D:2      | Killed Robin
  1123 | D:2      | Reached skill level 1 in Armour
  1123 | D:2      | Reached XP level 4. HP: 24/24 MP: 3/7
  1237 | D:2      | Reached skill level 1 in Fighting
  1703 | D:3      | Learned a level 2 spell: Passwall
  1707 | D:3      | Learned a level 3 spell: Stone Arrow
  1768 | D:3      | Found Cixaze's Armour Emporium.
  2053 | D:3      | Noticed a centaur
  2055 | D:3      | Noticed an ogre
  2058 | D:3      | Shot with an arrow by a centaur

Illustrated notes

Levels and vault maps discovered:
D:1:      minmay_arrival_five_plusses, layout_basic,
          shapermc_ecumenical_altar_acropolis
D:2:      layout_rooms, uniq_robin
D:3:      layout_basic, serial_shops, nicolae_shop_statue_plus,
          dreamdust_princess_bridge, minmay_misc_feat_cross, grunt_ministairs_6

Skill      XL: |  1  2  3  4 |
---------------+-------------+-----
Transmutations | 1 |  1.2
Earth Magic    | 4 |  4.3
Armour         | 1 |  1.1
Fighting       | 1 |  1.1
Dodging        | 2 |  2.0
Stealth        | |  2.8
Spellcasting   | |  2.7

Action                   |  1- 3 |  4- 6 || total
-------------------------+-------+-------++-------
Melee: Unarmed           |    31 |       ||    31
       Dagger            |       |    14 ||    14
 Cast: Sandblast         |    48 |    23 ||    71
Armor: Robe              |    24 |     4 ||    28
Dodge: Dodged            |    58 |    17 ||    75

Table legend: (Time is in decaauts)
 A = Elapsed time spent in this place.
 B = Non-inter-level travel time spent in this place.
 C = Inter-level travel time spent in this place.
 D = Time resting spent in this place.
 E = Time spent auto-exploring this place.
 F = Levels seen in this place.
 G = Mean time per level.
                   A        B        C        D        E       F      G
               +--------+--------+--------+--------+--------+-----+--------+
         Total |   2088 |   2016 |     72 |    139 |   1456 |   3 |  696.0 |
       Dungeon |   2088 |   2016 |     72 |    139 |   1456 |   3 |  696.0 |
               +--------+--------+--------+--------+--------+-----+--------+

Top non-repeatable levels by time:
     D:1: 943 daAuts
     D:2: 782 daAuts
     D:3: 362 daAuts
